 Dungeon Crawl Stone Soup version 0.28-a0-1334-g1c9ffb4daf (webtiles) character file.

Game seed: 8084847033325847314

273 Grim the Poker (level 6, 0/47 HPs)
             Began as a Formicid Fighter on Dec 28, 2021.
             Slain by a gnoll (9 damage)
             ... on level 3 of the Dungeon.
             The game lasted 00:03:36 (2507 turns).

Grim the Poker (Formicid Fighter)                   Turns: 2507, Time: 00:03:36

Health: 0/47       AC: 12    Str: 21    XL:     6   Next: 48%
Magic:  6/6        EV:  6    Int:  9    God:
Gold:   57         SH:  4    Dex: 10    Spells: 5/5 levels left

rFire   . . .      SeeInvis +   a - +0 trident
rCold   . . .      Faith    .   c - +0 buckler
rNeg    . . .      Spirit   .   d - +0 plate armour
rPois   +          Reflect  .   (helmet unavailable)
rElec   .          Harm     .   p - +0 cloak
rCorr   .          Rampage  .   (no gloves)
Will    .....                   (no boots)
Stlth   ..........              (no amulet)
HPRegen 0.15/turn               n - ring of poison resistance
MPRegen 0.10/turn               (no ring)

@: no status effects
A: permanent stasis, dig shafts and tunnels, antennae 3, four strong arms
a: Dig, Shaft Self


You were on level 3 of the Dungeon.
You visited 1 branch of the dungeon, and saw 4 of its levels.

You collected 57 gold pieces.

Inventory:

Hand Weapons
 a - a +0 trident (weapon)
Missiles
 o - 5 boomerangs
Armour
 b - a +0 scale mail
 c - a +0 buckler (worn)
 d - a +0 plate armour (worn)
 p - a +0 cloak (worn)
Jewellery
 i - a ring of wizardry
 n - a ring of poison resistance (left hand)
Scrolls
 e - 2 scrolls of noise {unknown}
 f - a scroll of vulnerability {unknown}
 g - 2 scrolls of holy word {unknown}
 h - a scroll of acquirement {unknown}
 l - 3 scrolls of identify {unknown}
 m - a scroll of teleportation {unknown}
 q - a scroll of enchant armour {unknown}
Potions
 j - a potion of berserk rage {unknown}
 k - a potion of resistance {unknown}


   Skills:
 - Level 3.2 Fighting
 + Level 6.4 Polearms
 - Level 3.2 Armour
 - Level 3.6 Shields


You had 5 spell levels left.
You didn't know any spells.
Your spell library contained the following spells:

 Spells                   Type           Power      Damage    Failure   Level
 Freeze                   Ice            0%         1d3       100%        1
 Frozen Ramparts          Ice            0%         1d2       100%        3
 Hailstorm                Conj/Ice       0%         3d3       100%        4


Dungeon Overview and Level Annotations

Branches:
Dungeon (4/15)
 Temple: D:4-7

Altars:
Fedhas


Innate Abilities, Weirdness & Mutations

You cannot be hasted, slowed, berserked, paralysed or teleported.
You can dig through walls and to a lower floor.
You have a pair of large antennae on your head. (SInv)
Your four strong arms can wield two-handed weapons with a shield.


Message History

Your plate armour prevents you from hitting the gnoll.
The gnoll barely misses you. The gnoll hits you with a +0 flail.
A frilled lizard comes into view.
Your plate armour prevents you from hitting the gnoll.
The gnoll closely misses you. You block the gnoll's attack.
You closely miss the gnoll. The gnoll completely misses you.
The gnoll barely misses you.
You completely miss the gnoll. You block the gnoll's attack.
The gnoll hits you but does no damage.
You barely miss the gnoll.
The gnoll hits you from afar with a +0 halberd.
The gnoll hits you but does no damage.
You completely miss the gnoll. The gnoll barely misses you.
The gnoll hits you with a +0 flail!
* * * LOW HITPOINT WARNING * * *
You hit the gnoll.
The gnoll is moderately wounded.
You block the gnoll's attack. The gnoll hits you but does no damage.
A gnoll comes into view. It is wielding a +0 whip.
You completely miss the gnoll.
The gnoll is moderately wounded.
The gnoll hits you from afar with a +0 halberd.
* * * LOW HITPOINT WARNING * * *
The gnoll hits you with a +0 flail!
* * * LOW HITPOINT WARNING * * *
You puncture the gnoll!
The gnoll is severely wounded.
You block the gnoll's attack.
You puncture the gnoll!
You kill the gnoll!
The gnoll hits you from afar with a +0 halberd!
* * * LOW HITPOINT WARNING * * *
Things that are here:
a +0 whip; a gnoll corpse
Okay, then.
Are you sure you want to shaft yourself?
The gnoll barely misses you.
You begin to dig a shaft.
You continue digging a shaft.
The gnoll hits you from afar with a +0 halberd!
You die...

#<.....#.#..# #.####.#
#
#....#.#.#..###...##.#
#
#..#.#.#.#........##.#
# #..#.# #......######
#..#.#.#...........# {
#..#.#...............
#........#...#####.#.
........ ###.# .. ###.
#@# #.# #g# #g# #l#
#.# #.# #.# .#.


You could see 2 gnolls and a frilled lizard.

Vanquished Creatures
  An orc warrior (D:4)
  A hound (D:4)
  An orc wizard (D:4)
  Robin (D:3)
  3 gnolls
  A howler monkey skeleton (D:4)
  2 adders (D:4)
  2 dart slugs
  4 orcs (D:4)
  4 ball pythons
  4 endoplasms
  9 goblins
  2 hobgoblins (D:1)
  2 jackals (D:1)
  A quokka (D:1)
  4 bats
  A frilled lizard (D:2)
  7 kobolds (D:1)
  4 rats
54 creatures vanquished.

Notes
Turn   | Place    | Note
-------+----------+-------------------------------------------
     0 | D:1      | Grim the Formicid Fighter began the quest for the Orb.
     0 | D:1      | Reached XP level 1. HP: 18/18 MP: 1/1
   115 | D:1      | Reached XP level 2. HP: 21/24 MP: 2/2
   365 | D:1      | Reached skill level 3 in Polearms
   365 | D:1      | Reached XP level 3. HP: 15/29 MP: 3/3
  1113 | D:2      | You fall into a shaft and drop 2 floors!
  1119 | D:4      | Found a blossoming altar of Fedhas.
  1130 | D:4      | Noticed an orc warrior
  1142 | D:4      | Killed an orc warrior
  1143 | D:4      | Reached skill level 5 in Polearms
  1143 | D:4      | Reached XP level 4. HP: 35/35 MP: 4/4
  1143 | D:4      | Reached XP level 5. HP: 41/41 MP: 5/5
  1179 | D:4      | Reached XP level 6. HP: 32/47 MP: 6/6
  1401 | D:4      | Noticed a two-headed ogre
  1456 | D:4      | Reached skill level 6 in Polearms
  1695 | D:2      | Found a faded altar of an unknown god.
  2394 | D:3      | Noticed Robin
  2409 | D:3      | Killed Robin
  2507 | D:3      | Slain by a gnoll

Illustrated notes

Levels and vault maps discovered:
D:1:      arrival_zaba_pyramid, layout_basic
D:2:      layout_rooms, serial_co_window_serial, co_window_of_opportunity_a,
          co_window_corner_a, co_window_corner_a, co_window_paths_a,
          co_window_paths_b, co_window_paths_c, co_window_corner_cb,
          co_window_broadway_a, co_window_corner_cb, co_window_corner_b,
          co_window_sun, hellmonk_ecumenical_altar_run_dry
D:3:      layout_loops_ring, uniq_terence, uniq_robin
D:4:      cheibrodos_thug_alley, layout_loops_ring,
          mainiacjoe_overflow_cross_hatched, minmay_surrounded

Skill      XL: |  1  2  3  4  5  6 |
---------------+-------------------+-----
Polearms       | 3 5 6 |  6.4
Fighting       | |  3.2
Armour         | |  3.2
Shields        | |  3.6

Action                   |  1- 3 |  4- 6 || total
-------------------------+-------+-------++-------
Melee: Trident           |   107 |    73 ||   180
 Abil: Shaft Self        |       |     1 ||     1
  Use: Potion            |     1 |       ||     1
Armor: Scale mail        |    41 |     3 ||    44
       Plate armour      |       |    23 ||    23
Dodge: Dodged            |    41 |    21 ||    62
Block: Buckler           |    12 |    14 ||    26

Table legend: (Time is in decaauts)
 A = Elapsed time spent in this place.
 B = Non-inter-level travel time spent in this place.
 C = Inter-level travel time spent in this place.
 D = Time resting spent in this place.
 E = Time spent auto-exploring this place.
 F = Levels seen in this place.
 G = Mean time per level.
                   A        B        C        D        E       F      G
               +--------+--------+--------+--------+--------+-----+--------+
         Total |   2522 |   2505 |     17 |    570 |   1494 |   4 |  630.5 |
       Dungeon |   2522 |   2505 |     17 |    570 |   1494 |   4 |  630.5 |
               +--------+--------+--------+--------+--------+-----+--------+

Top non-repeatable levels by time:
     D:1: 960 daAuts
     D:2: 913 daAuts
     D:4: 366 daAuts
     D:3: 281 daAuts
